 Dungeon Crawl Stone Soup version 0.17.2-1-ge4368a0 (webtiles) character file.

3201 hexophile the Slicer (level 10, -17/79 HPs)
             Began as a Human Fighter on Apr 25, 2016.
             Was an Elder of Cheibriados.
             Demolished by Gastronok (28 damage)
             ... on level 8 of the Dungeon on Oct 14, 2016.
             The game lasted 00:17:41 (7103 turns).

hexophile the Slicer (Human Fighter)                Turns: 7103, Time: 00:17:41

Health: -17/79     AC: 17    Str: 32    XL:     10   Next: 17%
Magic:  18/24      EV: 10    Int: 20    God:    Cheibriados [****..]
Gold:   554        SH: 12    Dex: 26    Spells: 0 memorised, 9 levels left

rFire  . . .     SeeInvis .     a - +0 rapier
rCold  . . .     Clarity  .     I - +1 plate armour
rNeg   . . .     SustAt   .     c - +0 shield
rPois  .         Gourm    +     s - +0 helmet
rElec  .         Spirit   .     n - +0 cloak
rCorr  .         Warding  .     p - +0 pair of gloves {archery} {RNG Slay+4}
rMut   .         Stasis   .     u - +1 pair of boots
MR     .....                    h - amulet of the gourmand {Gourm}
Stlth  ..........               (no ring)
                                J - ring of magical power {MP+9}

@: mighty, agile, very slow, not resistant to hostile enchantments, extremely
unstealthy
A: no striking features
a: Bend Time, Temporal Distortion, Slouch, Renounce Religion


You were on level 8 of the Dungeon.
You worshipped Cheibriados.
Cheibriados was greatly pleased with you.
You were very full.

You visited 1 branch of the dungeon, and saw 9 of its levels.
You also visited: Ossuary.

You collected 635 gold pieces.
You spent 81 gold pieces at shops.

Inventory:

Hand Weapons
 a - a +0 rapier (weapon)
 M - a +2 dagger of venom
Armour
 c - a +0 shield (worn)
 n - a +0 cloak (worn)
 p - a +0 pair of gloves of archery (worn) {RNG Slay+4}
 s - a +0 helmet (worn)
 u - a +1 pair of boots (worn)
 I - a +1 plate armour (worn)
Jewellery
 h - an amulet of the gourmand (around neck) {Gourm}
 m - an uncursed amulet of warding {Ward rN+}
 D - an uncursed ring of fire {rF+ rC-}
 J - a ring of magical power (left hand) {MP+9}
Wands
 y - a wand of draining (15)
 H - a wand of slowing (19)
Scrolls
 b - a scroll of blinking
 f - 3 scrolls of noise
 i - a scroll of remove curse
 l - 3 scrolls of amnesia
 o - a scroll of recharging
 q - 2 scrolls of fear
 K - 3 scrolls of identify
 P - a scroll of enchant armour
Potions
 e - a potion of mutation {unknown}
 v - 2 potions of ambrosia {unknown}
 w - a potion of invisibility {unknown}
 x - 2 potions of haste {unknown}
 z - a potion of heal wounds {unknown}
 A - a potion of beneficial mutation {unknown}
 B - 4 potions of curing
 F - a potion of brilliance {unknown}
 G - a potion of flight {unknown}
 L - a potion of magic {unknown}
 O - 2 potions of degeneration {unknown}
Books
 C - a book of Power

   Spells                             Type                      Level
   a - Fulminant Prism                Conjuration/Hexes            4
   b - Iskenderun's Mystic Blast      Conjuration                  4
   c - Venom Bolt                     Conjuration/Poison           5
   d - Bolt of Magma                  Conjuration/Fire/Earth       5
   e - Iron Shot                      Conjuration/Earth            6
   f - Orb of Destruction             Conjuration                  7
   g - Spellforged Servitor           Conjuration/Summoning        7
 N - a Necronomicon

   Spells                             Type                      Level
   a - Haunt                          Necromancy/Summoning         7
   b - Borgnjor's Revivification      Necromancy                   8
   c - Death's Door                   Charms/Necromancy            8
   d - Necromutation                  Transmutation/Necromancy     8
Comestibles
 g - 3 meat rations
 j - 2 slices of pizza
 r - 6 bread rations
 t - a royal jelly
 E - 2 beef jerkies


You had 9 spell levels left.
You didn't know any spells.


   Skills:
 + Level 7.3 Fighting
 + Level 10.1 Short Blades
 - Level 3.0 Armour
 - Level 3.0 Shields
 + Level 7.0 Invocations

Dungeon Overview and Level Annotations

Branches:
Dungeon (9/15)             Temple (0/1) D:4            Lair (0/8) D:8
    Orc: D:9-12

Altars:
Cheibriados
Qazlal
Xom
Yredelemnul

Shops:
D:8 [

Annotations:
D:8 Gastronok

Vault maps used:
D:1:      minmay_arrival_solitary_statue, serial_bayou_pond_b,
          cheibriados_altar_1
D:2:      minmay_misc_feat_x, uniq_crazy_yiuf_cottage, uniq_iyjb, uniq_sigmund
D:3:      ecumenical_altar_1, minmay_ruptured, uniq_terence
D:4:      forest_paths, minmay_temple_entry_statues_pillars, first_bread,
          solitary_fountain
D:5:      gammafunk_temple_overflow_pools, hex_large
D:6:      nicolae_qazlal_eye_of_the_storm, uniq_duvessa
D:7:      minmay_misc_feat_nine_boxes, grunt_livestock, st_stairs_5
D:8:      lair_0_dummy, serial_shops, nicolae_shop_stone, enter_ossuary_2,
          uniq_gastronok
D:9:      led_sif_book, grunt_temple_overflow_open, grunt_ministairs_13,
          minmay_holes, uniq_grum
Ossuary:  ossuary_tomb_3
You       could see Gastronok.


Message History

You feel slightly less full.
Cheibriados reduces the support of your attributes as your movement quickens.
Gastronok bites you!
You lost 7 HP.
You have now: 48/79 HP.
Evoke which item? (* to show all) (? for menu, Esc to quit)
Zapping:
H - a wand of slowing (21)
Press: ? - help, Shift-Dir - straight line, f - Gastronok
Aim: Gastronok, wearing a hat (lightly wounded, chance to defeat MR: 9%) Gastronok resists with almost no effort.
This wand has 20 charges left.
You feel yourself speed up.
Evoke which item? (* to show all) (? for menu, Esc to quit)
Zapping:
H - a wand of slowing (20)
Press: ? - help, Shift-Dir - straight line, f/p - Gastronok
Aim: Gastronok, wearing a hat (lightly wounded, chance to defeat MR: 9%) Gastronok resists with almost no effort.
This wand has 19 charges left.
Gastronok bites you!
You lost 15 HP.
You have now: 33/79 HP.
You hit Gastronok.
Gastronok is lightly wounded.
You hit Gastronok.
Gastronok is lightly wounded.
Gastronok bites you!
* * * LOW HITPOINT WARNING * * *
You lost 10 HP.
You have now: 24/79 HP.
Drink which item? (? for menu, Esc to quit)
Okay, then.
Drink which item? (? for menu, Esc to quit)
You feel agile all of a sudden.
Unknown command.
Drink which item? (? for menu, Esc to quit)
You feel better. Gastronok bites you!!
* * * LOW HITPOINT WARNING * * *
You lost 7 HP.
You have now: 17/79 HP.
Drink which item? (? for menu, Esc to quit)
You feel very mighty all of a sudden.
You hit Gastronok.
Gastronok is moderately wounded.
Gastronok bites you!
* * * LOW HITPOINT WARNING * * *
You lost 13 HP.
You have now: 4/79 HP.
Drink which item? (? for menu, Esc to quit)
You feel better.
Restored 7 HP.
You have now: 11/79 HP.
You hit Gastronok.
Gastronok is moderately wounded.
You hit Gastronok.
Gastronok is moderately wounded.
Gastronok bites you!!
You die...

Action                   |  1- 3 |  4- 6 |  7- 9 | 10-12 || total
-------------------------+-------+-------+-------+-------++-------
Melee: Rapier            |   140 |   194 |   457 |    97 ||   888
       Dagger            |       |       |    56 |    59 ||   115
Invok: Bend Time         |       |     1 |     7 |     3 ||    11
       Slouch            |       |       |     3 |       ||     3
Evoke: Wand              |       |       |       |     2 ||     2
  Use: Scroll            |       |     2 |     5 |     8 ||    15
       Potion            |       |     2 |       |     4 ||     6
  Eat: Chunk             |     1 |     3 |    16 |     1 ||    21

Notes
Turn   | Place    | Note
--------------------------------------------------------------
     0 | D:1      | hexophile the Human Fighter began the quest for the Orb.
     0 | D:1      | Reached XP level 1. HP: 18/18 MP: 1/1
   156 | D:1      | Reached XP level 2. HP: 18/24 MP: 2/2
   379 | D:1      | Upgraded the game from 0.17.1-3-g152610e to 0.17.2-1-ge4368a0
   390 | D:1      | Reached skill level 3 in Short Blades
   419 | D:1      | Reached XP level 3. HP: 20/29 MP: 3/3
   656 | D:1      | Found a snail-covered altar of Cheibriados.
   771 | D:1      | Became a worshipper of Cheibriados the Contemplative
  1133 | D:2      | Reached skill level 4 in Short Blades
  1133 | D:2      | Reached XP level 4. HP: 30/35 MP: 4/4
  1136 | D:2      | Noticed Ijyb
  1167 | D:2      | Killed Ijyb
  1261 | D:2      | Reached * piety under Cheibriados
  1472 | D:2      | Reached XP level 5. HP: 36/41 MP: 5/5
  1637 | D:2      | Noticed Sigmund
  1663 | D:2      | HP: 1/41 [Sigmund/enchanted scythe (7)]
  1667 | D:2      | Killed Sigmund
  1667 | D:2      | Reached skill level 6 in Short Blades
  1667 | D:2      | Reached XP level 6. HP: 8/47 MP: 6/6
  1842 | D:2      | Noticed Crazy Yiuf
  1856 | D:2      | Killed Crazy Yiuf
  2022 | D:3      | Found a faded altar to an unknown god.
  2226 | D:3      | Noticed Terence
  2255 | D:3      | Killed Terence
  2528 | D:3      | Reached ** piety under Cheibriados
  2667 | D:3      | Reached XP level 7. HP: 48/52 MP: 7/7
  2671 | D:3      | Reached skill level 7 in Short Blades
  3378 | D:4      | Found a staircase to the Ecumenical Temple.
  3848 | D:4      | Reached *** piety under Cheibriados
  4127 | D:5      | Entered Level 5 of the Dungeon
  4148 | D:5      | Reached skill level 1 in Invocations
  4251 | D:5      | Reached skill level 8 in Short Blades
  4251 | D:5      | Reached XP level 8. HP: 35/58 MP: 4/9
  4267 | D:5      | Reached skill level 2 in Invocations
  4294 | D:5      | Got a transparent hunting sling
  4295 | D:5      | Identified the +5 hunting sling of Waheoh {venom, -Tele rPois Str-5 Int+7} (You found it on level 5 of the Dungeon)
  4550 | D:5      | Reached skill level 4 in Fighting
  4550 | D:5      | Reached skill level 3 in Invocations
  4717 | D:5      | Found a shimmering altar of Xom.
  4717 | D:5      | Found a basalt altar of Yredelemnul.
  4947 | D:5      | Reached **** piety under Cheibriados
  5720 | D:6      | Noticed Glorfindel's ghost (novice HEGl)
  5725 | D:6      | Reached skill level 5 in Fighting
  5725 | D:6      | Reached skill level 4 in Invocations
  5739 | D:6      | Killed Glorfindel's ghost
  5739 | D:6      | Reached XP level 9. HP: 36/68 MP: 12/12
  5946 | D:6      | Reached skill level 9 in Short Blades
  5946 | D:6      | Reached skill level 5 in Invocations
  6008 | D:6      | Found a stormy altar of Qazlal.
  6008 | D:6      | Noticed Duvessa
  6008 | D:6      | Noticed Dowan
  6030 | D:6      | Killed Duvessa
  6034 | D:6      | Killed Dowan
  6314 | D:7      | Reached skill level 6 in Fighting
  6390 | D:7      | You fall through a shaft for 2 floors!
  6407 | D:9      | Reached skill level 6 in Invocations
  6410 | D:9      | Reached XP level 10. HP: 59/77 MP: 12/15
  6448 | D:9      | Reached skill level 7 in Fighting
  6632 | D:8      | Reached skill level 10 in Short Blades
  6632 | D:8      | Reached skill level 7 in Invocations
  6635 | D:8      | Found Welep's Antique Armour Boutique.
  6646 | D:8      | Bought a pair of embroidered gloves for 81 gold pieces
  6720 | D:8      | Found a sand-covered staircase.
  6725 | Ossuary  | Entered an ossuary
  7077 | D:8      | Found a staircase to the Lair.
  7083 | D:8      | Noticed Gastronok
  7103 | D:8      | Demolished by Gastronok

Table legend:
 A = Turns spent in this place as a percentage of turns spent in the entire game.
 B = Non-inter-level travel turns spent in this place as a percentage of non-inter-level travel turns spent in the entire game.
 C = Inter-level travel turns spent in this place as a percentage of turns spent in this place.
 D = Turns resting spent in this place as a percentage of non-inter-level travel turns spent in this place.
 E = Turns spent auto-exploring this place as a percentage of non-inter-level travel turns spent in this place.
 F = Non-inter-level travel turns spent in this place divided by the number of levels of this place that you've seen.
                   A       B       C       D       E      F
               +-------+-------+-------+-------+-------+----------------------
         Total | 100.0 | 100.0 |   0.3 |   1.1 |   6.7 | 262.6
       Dungeon |  93.8 |  93.8 |   0.3 |   1.2 |   6.8 | 273.6
       Ossuary |   6.2 |   6.2 |   0.0 |   0.0 |   5.5 | 164.0
               +-------+-------+-------+-------+-------+----------------------

Table legend:
 A = Kills in this place as a percentage of kills in entire the game.
 B = Kills by you in this place as a percentage of kills by you in the entire game.
 C = Kills by friends in this place as a percentage of kills by friends in the entire game.
 D = Other kills in this place as a percentage of other kills in the entire game.
 E = Experience gained in this place as a percentage of experience gained in the entire game.
 F = Experience gained in this place divided by the number of levels of this place that you have seen.
                   A       B       C       D       E      F
               +-------+-------+-------+-------+-------+----------------------
         Total | 100.0 | 100.0 |  -nan |  -nan | 100.0 | 457.4
       Dungeon |  91.3 |  91.3 |  -nan |  -nan |  96.6 | 490.9
       Ossuary |   8.7 |   8.7 |  -nan |  -nan |   3.4 | 156.0
               +-------+-------+-------+-------+-------+----------------------

Vanquished Creatures
  The ghost of Glorfindel the Twirler, a novice HEGl (D:6)
  Sigmund (D:2)
  4 yaks (D:9)
  A hippogriff (D:7)
  Duvessa (D:6)
  An orc warrior (D:6)
  4 ogres
  A crocodile (D:8)
  2 centaurs
  A big kobold (D:9)
  2 giant frogs
  Dowan (D:6)
  A scorpion (D:8)
  3 crimson imps (D:5)
  A giant frog skeleton (D:6)
  Crazy Yiuf (D:2)
  Ijyb (D:2)
  3 hounds
  5 orc wizards
  Terence (D:3)
  4 worker ants
  2 iguanas (D:3)
  8 mummies (Ossuary)
  4 gnolls (D:3)
  10 adders
  A shadow imp (D:9)
  2 oozes
  2 adder skeletons (D:4)
  2 adder zombies
  3 worms
  6 giant geckos
  20 orcs
  11 bats
  10 giant cockroaches
  3 gnoll zombies (Ossuary)
  11 goblins
  13 hobgoblins
  2 jackals (D:5)
  12 kobolds
  A ball python (D:1)
  4 giant newts
  A jackal skeleton (D:7)
  3 kobold zombies (Ossuary)
  2 orc zombies (Ossuary)
  3 quokkas
  A quokka skeleton (D:5)
  A quokka zombie (D:8)
  5 rats
183 creatures vanquished.

Vanquished Creatures (others)
  A scorpion (D:6)
  5 wights (D:6)
  A giant gecko skeleton (D:6)
7 creatures vanquished.

Grand Total: 190 creatures vanquished
